[Event "23rd ETCC Open 2021"]
[Site "Catez"]
[Date "2021.11.19"]
[Round "7.31"]
[White "Can, Emre"]
[Black "Hauge, Lars Oskar"]
[Result "1/2-1/2"]
[ECO "C28"]
[WhiteElo "2570"]
[BlackElo "2490"]
[Annotator "ChessBase"]
[PlyCount "68"]
[EventDate "2021.11.08"]
[EventType "team-tourn"]
[EventCountry "SLO"]
[SourceTitle "playchess.com"]
[Source "ChessBase"]
[SourceQuality "1"]
[WhiteTeam "Turkey"]
[BlackTeam "Norway"]
[WhiteTeamCountry "TUR"]
[BlackTeamCountry "NOR"]
[TimeControl "40/5400+30:1800+30"]

1. e4 e5 2. Nc3 Nc6 3. Bc4 Nf6 4. d3 Na5 5. Nge2 Be7 6. a4 Nxc4 7. dxc4 O-O 8.
O-O d6 9. Ng3 Be6 10. b3 Ne8 11. Be3 Bg5 12. Qd2 h6 13. Rad1 Bxe3 14. Qxe3 Qg5
15. Qd3 c6 16. a5 a6 17. Na4 Rd8 18. Qd2 Qe7 19. Rfe1 Kh7 20. h3 f6 21. Re3 g6
22. Nb6 h5 23. Ne2 f5 24. exf5 Bxf5 25. Ng3 Ng7 26. Ne4 Bxe4 27. Rxe4 Ne6 28.
b4 Nf4 29. Qe3 Qg5 30. Qg3 Qf5 31. Rde1 Rfe8 32. Qe3 Qg5 33. Qg3 Qf5 34. Qe3
Qg5 1/2-1/2

[Event "23rd ETCC Open 2021"]
[Site "Catez"]
[Date "2021.11.19"]
[Round "7.32"]
[White "Notkevich, Benjamin Arvola"]
[Black "Sanal, Vahap"]
[Result "0-1"]
[ECO "E11"]
[WhiteElo "2471"]
[BlackElo "2590"]
[Annotator "ChessBase"]
[PlyCount "72"]
[EventDate "2021.11.08"]
[EventType "team-tourn"]
[EventCountry "SLO"]
[SourceTitle "playchess.com"]
[Source "ChessBase"]
[SourceQuality "1"]
[WhiteTeam "Norway"]
[BlackTeam "Turkey"]
[WhiteTeamCountry "NOR"]
[BlackTeamCountry "TUR"]
[TimeControl "40/5400+30:1800+30"]

1. d4 Nf6 2. c4 e6 3. g3 Bb4+ 4. Bd2 Bxd2+ 5. Qxd2 d5 6. Nf3 c6 7. Bg2 Nbd7 8.
O-O b6 9. Nc3 O-O 10. Qc2 Ba6 11. Qa4 Bxc4 12. b3 Ne4 13. Rfc1 Nxc3 14. Rxc3
Bb5 15. Qb4 a5 16. Qd6 c5 17. e3 Qb8 18. Qf4 a4 19. Rac1 axb3 20. axb3 Be2 21.
Qh4 Qd8 22. Qf4 Qb8 23. Qh4 h6 24. e4 Bxf3 25. Rxf3 cxd4 26. exd5 Ne5 27. dxe6
Nxf3+ 28. Bxf3 Ra7 29. exf7+ Kh8 30. Bh5 Qd6 31. Re1 g6 32. Bd1 Kg7 33. Qg4 Ra1
34. Re4 d3 35. Rf4 Qd5 36. Ra4 h5 0-1

[Event "23rd ETCC Open 2021"]
[Site "Catez"]
[Date "2021.11.19"]
[Round "7.35"]
[White "Bjerre, Jonas Buhl"]
[Black "Krejci, Jan"]
[Result "1-0"]
[ECO "C43"]
[WhiteElo "2569"]
[BlackElo "2565"]
[Annotator "ChessBase"]
[PlyCount "47"]
[EventDate "2021.11.08"]
[EventType "team-tourn"]
[EventCountry "SLO"]
[SourceTitle "playchess.com"]
[Source "ChessBase"]
[SourceQuality "1"]
[WhiteTeam "Denmark"]
[BlackTeam "Czech Republic"]
[WhiteTeamCountry "DEN"]
[BlackTeamCountry "CZE"]
[TimeControl "40/5400+30:1800+30"]

1. e4 e5 2. Nf3 Nf6 3. d4 Nxe4 4. Bd3 d5 5. Nxe5 Nd7 6. Nc3 Nxe5 7. dxe5 Bb4 8.
O-O Nxc3 9. bxc3 Bxc3 10. Rb1 O-O 11. Bxh7+ Kxh7 12. Qd3+ Kg8 13. Qxc3 Qd7 14.
Qg3 b6 15. h3 Qf5 16. Bg5 Re8 17. f4 Kh8 18. Rb3 d4 19. Qf2 c5 20. Rg3 Re6 21.
Rg4 Bb7 22. Qh4+ Qh7 23. f5 Rxe5 24. Bf6 1-0

[Event "23rd ETCC Open 2021"]
[Site "Catez"]
[Date "2021.11.19"]
[Round "7.36"]
[White "Plat, Vojtech"]
[Black "Rasmussen, Allan Stig"]
[Result "1/2-1/2"]
[ECO "B10"]
[WhiteElo "2548"]
[BlackElo "2577"]
[Annotator "ChessBase"]
[PlyCount "101"]
[EventDate "2021.11.08"]
[EventType "team-tourn"]
[EventCountry "SLO"]
[SourceTitle "playchess.com"]
[Source "ChessBase"]
[SourceQuality "1"]
[WhiteTeam "Czech Republic"]
[BlackTeam "Denmark"]
[WhiteTeamCountry "CZE"]
[BlackTeamCountry "DEN"]
[TimeControl "40/5400+30:1800+30"]

1. e4 c6 2. Nf3 d5 3. d3 g6 4. e5 Bg7 5. d4 f6 6. exf6 exf6 7. Bd3 Ne7 8. O-O
Bf5 9. Bxf5 Nxf5 10. Re1+ Kf7 11. c4 Re8 12. Rxe8 Qxe8 13. cxd5 cxd5 14. Nc3
Qd7 15. Qd3 Nc6 16. Bd2 Rc8 17. Rd1 Bf8 18. Qb5 a6 19. Qxd5+ Qxd5 20. Nxd5 Rd8
21. Nc3 Nfxd4 22. Nxd4 Rxd4 23. Be3 Rxd1+ 24. Nxd1 Bd6 25. Kf1 Ke6 26. h3 Nb4
27. a3 Nc2 28. Ke2 Kd5 29. Kd2 Nxe3 30. Nxe3+ Kd4 31. Nd1 f5 32. Nc3 Bc5 33. f3
Kc4 34. Kc2 Kd4 35. Kd2 Bd6 36. Ne2+ Kc4 37. Kc2 b5 38. g4 a5 39. gxf5 gxf5 40.
b3+ Kd5 41. Nc3+ Kc6 42. a4 bxa4 43. Nxa4 Be5 44. Kd3 Kb5 45. Kc2 Bg7 46. Kd3
Kb4 47. Kc2 Bd4 48. Nb2 Bxb2 49. Kxb2 Kc5 50. Kc3 Kd5 51. Kd3 1/2-1/2

[Event "23rd ETCC Open 2021"]
[Site "Catez"]
[Date "2021.11.19"]
[Round "7.38"]
[White "Pavlidis, Antonios"]
[Black "Dobrovoljc, Vid"]
[Result "1-0"]
[ECO "C54"]
[WhiteElo "2536"]
[BlackElo "2414"]
[Annotator "ChessBase"]
[PlyCount "117"]
[EventDate "2021.11.08"]
[EventType "team-tourn"]
[EventCountry "SLO"]
[SourceTitle "playchess.com"]
[Source "ChessBase"]
[SourceQuality "1"]
[WhiteTeam "Greece"]
[BlackTeam "Slovenia"]
[WhiteTeamCountry "GRE"]
[BlackTeamCountry "SLO"]
[TimeControl "40/5400+30:1800+30"]

1. e4 e5 2. Nf3 Nc6 3. Bc4 Nf6 4. d3 Bc5 5. c3 h6 6. O-O d6 7. Re1 O-O 8. h3
Bb6 9. Nbd2 Ne7 10. d4 Nc6 11. dxe5 Nxe5 12. Nxe5 dxe5 13. Qf3 Be6 14. Bf1 c6
15. Nc4 Bc7 16. Rd1 Nd7 17. Nd6 Qe7 18. Nf5 Qf6 19. Be3 Rfd8 20. Nxh6+ gxh6 21.
Rxd7 Qxf3 22. Rxd8+ Rxd8 23. gxf3 f5 24. exf5 Bxf5 25. Bxh6 Kf7 26. Be3 Be6 27.
c4 a6 28. a3 Rh8 29. Kh2 Kf6 30. Re1 Kf5 31. b3 Bc8 32. Bc1 Kg6 33. Kg3 Bd8 34.
Bb2 Bh4+ 35. Kh2 Bxf2 36. Rxe5 Rf8 37. Bd3+ Kf7 38. Bf5 Bh4 39. Bxc8 Rxc8 40.
Rh5 Be7 41. f4 Kg6 42. Re5 Kf7 43. Kg3 Rd8 44. Kf3 Rd1 45. Re2 Bd6 46. a4 Rf1+
47. Rf2 Rxf2+ 48. Kxf2 Bxf4 49. Kf3 Bh6 50. h4 Ke6 51. Ke4 Bf8 52. Bc1 Kf6 53.
Bg5+ Kg6 54. Ke5 b5 55. Ke6 bxa4 56. bxa4 Bb4 57. Kd7 c5 58. Kc6 Kh5 59. Kb6
1-0

[Event "23rd ETCC Open 2021"]
[Site "Catez"]
[Date "2021.11.19"]
[Round "7.39"]
[White "Tisaj, Domen"]
[Black "Kourkoulos-Arditis, Stamatis"]
[Result "0-1"]
[ECO "E62"]
[WhiteElo "2369"]
[BlackElo "2524"]
[Annotator "ChessBase"]
[PlyCount "92"]
[EventDate "2021.11.08"]
[EventType "team-tourn"]
[EventCountry "SLO"]
[SourceTitle "playchess.com"]
[Source "ChessBase"]
[SourceQuality "1"]
[WhiteTeam "Slovenia"]
[BlackTeam "Greece"]
[WhiteTeamCountry "SLO"]
[BlackTeamCountry "GRE"]
[TimeControl "40/5400+30:1800+30"]

1. d4 Nf6 2. c4 g6 3. g3 Bg7 4. Bg2 O-O 5. Nc3 d6 6. Nf3 c6 7. O-O Bf5 8. Nh4
Be6 9. d5 cxd5 10. cxd5 Bd7 11. Be3 Na6 12. Rc1 Qa5 13. Nf3 Rfc8 14. a3 Nc7 15.
Ne1 Nb5 16. Na2 Rxc1 17. Bxc1 Rc8 18. Bd2 Qd8 19. a4 Nc7 20. Ba5 Qe8 21. b3 Na6
22. Nd3 Bf5 23. Bc3 Qf8 24. Bd4 Bxd3 25. Qxd3 Nc5 26. Qd1 Nfd7 27. Be3 a5 28.
Bh3 f5 29. Bd2 b6 30. b4 axb4 31. Nxb4 Ra8 32. Re1 Rxa4 33. Nc6 Ne5 34. Nxe5
Bxe5 35. Qb1 Ne4 36. Qb3 Qa8 37. Be3 Ra1 38. Rxa1 Qxa1+ 39. Kg2 Bd4 40. Qb5 Kf7
41. Qd3 Bxe3 42. Qxe3 Nc5 43. g4 fxg4 44. Bxg4 Qf6 45. Qh6 Kg8 46. e3 b5 0-1

[Event "23rd ETCC Open 2021"]
[Site "Catez"]
[Date "2021.11.19"]
[Round "7.40"]
[White "Kelires, Andreas"]
[Black "Stevanic, David"]
[Result "1-0"]
[ECO "D03"]
[WhiteElo "2535"]
[BlackElo "2318"]
[Annotator "ChessBase"]
[PlyCount "81"]
[EventDate "2021.11.08"]
[EventType "team-tourn"]
[EventCountry "SLO"]
[SourceTitle "playchess.com"]
[Source "ChessBase"]
[SourceQuality "1"]
[WhiteTeam "Greece"]
[BlackTeam "Slovenia"]
[WhiteTeamCountry "GRE"]
[BlackTeamCountry "SLO"]
[TimeControl "40/5400+30:1800+30"]

1. d4 Nf6 2. Nf3 g6 3. Bg5 Bg7 4. Nbd2 d5 5. e3 O-O 6. Be2 b6 7. O-O Bb7 8. c3
Ne4 9. Bh4 Nd7 10. a4 a5 11. Nxe4 dxe4 12. Nd2 h6 13. f3 g5 14. Bg3 Nf6 15.
fxe4 Nxe4 16. Nxe4 Bxe4 17. Bf3 Bxf3 18. Qxf3 e6 19. Qc6 Rc8 20. e4 Qe8 21. Qc4
Qe7 22. Rad1 h5 23. h3 h4 24. Bh2 f6 25. Kh1 Kh7 26. Rd2 f5 27. exf5 exf5 28.
Qd3 Qd7 29. Re2 Rf7 30. Be5 Bxe5 31. Rxe5 Kg6 32. Rfe1 Rcf8 33. b3 Rf6 34. c4
Rd8 35. d5 c6 36. Qd4 cxd5 37. Rxd5 Rd6 38. Ree5 Qc6 39. Qd3 Kh6 40. Qxf5 Rg8
41. Rxd6+ 1-0

[Event "23rd ETCC Open 2021"]
[Site "Catez"]
[Date "2021.11.19"]
[Round "7.42"]
[White "Mikhalevski, Victor"]
[Black "Koykka, Pekka"]
[Result "1-0"]
[ECO "D17"]
[WhiteElo "2559"]
[BlackElo "2353"]
[Annotator "ChessBase"]
[PlyCount "83"]
[EventDate "2021.11.08"]
[EventType "team-tourn"]
[EventCountry "SLO"]
[SourceTitle "playchess.com"]
[Source "ChessBase"]
[SourceQuality "1"]
[WhiteTeam "Israel"]
[BlackTeam "Finland"]
[WhiteTeamCountry "ISR"]
[BlackTeamCountry "FIN"]
[TimeControl "40/5400+30:1800+30"]

1. d4 d5 2. c4 c6 3. Nf3 Nf6 4. Nc3 dxc4 5. a4 Bf5 6. Ne5 Nbd7 7. Nxc4 Nb6 8.
Ne5 a5 9. f3 Nfd7 10. Nxd7 Bxd7 11. e4 e6 12. Be3 Bd6 13. Be2 O-O 14. Qb3 Qc7
15. Rc1 Bf4 16. Bxf4 Qxf4 17. Kf2 Qc7 18. e5 f6 19. Rhe1 fxe5 20. dxe5 Rf4 21.
Bd3 Rb4 22. Qc2 h6 23. Rcd1 Rf8 24. b3 Qb8 25. g3 Nd5 26. Bc4 Qa7+ 27. Kg2 Be8
28. Qd2 Bh5 29. g4 Bg6 30. Na2 Rb6 31. Qf2 Kh8 32. Rd2 Rd8 33. Nc3 Rf8 34. Ne2
Ra8 35. Nd4 Bf7 36. Bxd5 exd5 37. e6 Bg6 38. e7 Rb4 39. Re6 Bf7 40. Rd6 Re8 41.
Rd8 Kh7 42. Nf5 1-0

[Event "23rd ETCC Open 2021"]
[Site "Catez"]
[Date "2021.11.19"]
[Round "7.44"]
[White "Postny, Evgeny"]
[Black "Kokkila, Tero"]
[Result "1-0"]
[ECO "A12"]
[WhiteElo "2557"]
[BlackElo "2283"]
[Annotator "ChessBase"]
[PlyCount "74"]
[EventDate "2021.11.08"]
[EventType "team-tourn"]
[EventCountry "SLO"]
[SourceTitle "playchess.com"]
[Source "ChessBase"]
[SourceQuality "1"]
[WhiteTeam "Israel"]
[BlackTeam "Finland"]
[WhiteTeamCountry "ISR"]
[BlackTeamCountry "FIN"]
[TimeControl "40/5400+30:1800+30"]

1. Nf3 Nf6 2. c4 c6 3. e3 d5 4. b3 Bg4 5. Bb2 e6 6. h3 Bh5 7. Be2 Nbd7 8. d3
Qa5+ 9. Nbd2 Ba3 10. Bxa3 Qxa3 11. O-O a5 12. Nd4 Bxe2 13. Qxe2 e5 14. Nb1 Qf8
15. Nf3 Qe7 16. d4 O-O 17. Nc3 Ne4 18. Rac1 Nxc3 19. Rxc3 exd4 20. Nxd4 Nf6 21.
Qb2 Rfe8 22. Rc2 Qe5 23. Rfc1 Rad8 24. Qa3 dxc4 25. bxc4 Ne4 26. c5 Rd5 27.
Qxa5 f5 28. Qb4 g5 29. Qxb7 Nxf2 30. Rxf2 Qxe3 31. Nb3 g4 32. hxg4 fxg4 33.
Qf7+ Kh8 34. Qf4 g3 35. Qxe3 Rxe3 36. Rf3 Re2 37. a4 Rb2 1-0

[Event "23rd ETCC Open 2021"]
[Site "Catez"]
[Date "2021.11.19"]
[Round "7.45"]
[White "Saric, Ivan"]
[Black "Ragger, Markus"]
[Result "1-0"]
[ECO "C65"]
[WhiteElo "2665"]
[BlackElo "2668"]
[Annotator "ChessBase"]
[PlyCount "149"]
[EventDate "2021.11.08"]
[EventType "team-tourn"]
[EventCountry "SLO"]
[SourceTitle "playchess.com"]
[Source "ChessBase"]
[SourceQuality "1"]
[WhiteTeam "Croatia"]
[BlackTeam "Austria"]
[WhiteTeamCountry "CRO"]
[BlackTeamCountry "AUT"]
[TimeControl "40/5400+30:1800+30"]

1. e4 e5 2. Nf3 Nc6 3. Bb5 Nf6 4. d3 Bc5 5. c3 d5 6. exd5 Qxd5 7. Bc4 Qd6 8.
Nbd2 Bf5 9. b4 Bb6 10. Ng5 O-O 11. Nde4 Nxe4 12. dxe4 Qxd1+ 13. Kxd1 Bg4+ 14.
Ke1 h6 15. h3 Bd7 16. Nf3 Rfe8 17. a4 a6 18. Ke2 Be6 19. Bxe6 Rxe6 20. Rd1 Ree8
21. Ra2 a5 22. b5 Nd8 23. Rd5 f6 24. Ba3 Ne6 25. g3 Rac8 26. Nh4 c6 27. Rd7 Rc7
28. bxc6 bxc6 29. Rxc7 Bxc7 30. Rb2 Rb8 31. Rxb8+ Bxb8 32. Nf5 Kf7 33. h4 h5
34. Ne7 Nd8 35. f3 Ba7 36. g4 g6 37. Nc8 Bg1 38. Kf1 Bh2 39. gxh5 gxh5 40. Nd6+
Ke6 41. Nf5 Nb7 42. Kf2 Bf4 43. Ke2 Bh2 44. Kf1 Bf4 45. Ke1 Bh2 46. Ke2 Bg1 47.
Ng7+ Kf7 48. Nxh5 Bc5 49. Bc1 Bb6 50. Ba3 Bc5 51. Bc1 Bb6 52. Ng3 Nc5 53. h5
Nxa4 54. Kd3 Bc5 55. Kc4 Bf2 56. Nf5 Nb6+ 57. Kb3 Bc5 58. Be3 a4+ 59. Ka2 Bxe3
60. Nxe3 Kg7 61. Nf5+ Kh7 62. Ka3 Nc4+ 63. Kxa4 Nd2 64. Ka5 Nxf3 65. Kb6 Nd2
66. Ng3 f5 67. exf5 e4 68. Kxc6 e3 69. Kd5 Kg7 70. c4 Kf6 71. h6 Nf1 72. Ne2
Nh2 73. c5 Ng4 74. h7 Kg7 75. Ke4 1-0

[Event "23rd ETCC Open 2021"]
[Site "Catez"]
[Date "2021.11.19"]
[Round "7.46"]
[White "Dragnev, Valentin"]
[Black "Bosiocic, Marin"]
[Result "1-0"]
[ECO "B47"]
[WhiteElo "2548"]
[BlackElo "2545"]
[Annotator "ChessBase"]
[PlyCount "75"]
[EventDate "2021.11.08"]
[EventType "team-tourn"]
[EventCountry "SLO"]
[SourceTitle "playchess.com"]
[Source "ChessBase"]
[SourceQuality "1"]
[WhiteTeam "Austria"]
[BlackTeam "Croatia"]
[WhiteTeamCountry "AUT"]
[BlackTeamCountry "CRO"]
[TimeControl "40/5400+30:1800+30"]

1. e4 c5 2. Nf3 e6 3. d4 cxd4 4. Nxd4 Nc6 5. Nc3 Qc7 6. Ncb5 Qb8 7. Bd3 a6 8.
Nxc6 bxc6 9. Nd4 Bd6 10. Nf3 Ne7 11. O-O Ng6 12. Re1 f6 13. b3 O-O 14. Bb2 e5
15. c4 Bc5 16. a3 a5 17. Bc3 Nf4 18. Bc2 d6 19. Qd2 Bg4 20. Nh4 Qe8 21. b4 axb4
22. axb4 Rxa1 23. Bxa1 Ba7 24. Qxd6 Qh5 25. c5 Re8 26. g3 Nh3+ 27. Kg2 Nf4+ 28.
Kg1 Ne2+ 29. Rxe2 Bxe2 30. Bb3+ Kh8 31. Qd7 Ra8 32. Nf5 Qg5 33. h4 Qg4 34. Qb7
Rd8 35. Qe7 Ra8 36. Nh6 Bxc5 37. Nf7+ Kg8 38. Nd8+ 1-0

[Event "23rd ETCC Open 2021"]
[Site "Catez"]
[Date "2021.11.19"]
[Round "7.48"]
[White "Horvath, Dominik"]
[Black "Martinovic, Sasa"]
[Result "1/2-1/2"]
[ECO "C02"]
[WhiteElo "2469"]
[BlackElo "2542"]
[Annotator "ChessBase"]
[PlyCount "60"]
[EventDate "2021.11.08"]
[EventType "team-tourn"]
[EventCountry "SLO"]
[SourceTitle "playchess.com"]
[Source "ChessBase"]
[SourceQuality "1"]
[WhiteTeam "Austria"]
[BlackTeam "Croatia"]
[WhiteTeamCountry "AUT"]
[BlackTeamCountry "CRO"]
[TimeControl "40/5400+30:1800+30"]

1. e4 e6 2. d4 d5 3. e5 c5 4. c3 Nc6 5. Nf3 Bd7 6. Be2 Nge7 7. O-O cxd4 8. cxd4
Nf5 9. Nc3 Rc8 10. Bg5 Qb6 11. Na4 Qa5 12. Bd2 Qd8 13. Bg5 Be7 14. Bxe7 Qxe7
15. a3 O-O 16. Re1 Kh8 17. Nc3 a6 18. Qd2 Qd8 19. Bd1 Nh4 20. Nxh4 Qxh4 21. Ne2
f6 22. g3 Qg5 23. f4 Qh6 24. Nc1 g5 25. Nd3 Nxd4 26. Nf2 fxe5 27. Rxe5 Nf5 28.
fxg5 Qg7 29. Ng4 Rc4 30. Nf6 Bc8 1/2-1/2

[Event "23rd ETCC Open 2021"]
[Site "Catez"]
[Date "2021.11.19"]
[Round "7.51"]
[White "Klabis, Rokas"]
[Black "Skoberne, Jure"]
[Result "0-1"]
[ECO "B33"]
[WhiteElo "2353"]
[BlackElo "2562"]
[Annotator "ChessBase"]
[PlyCount "66"]
[EventDate "2021.11.08"]
[EventType "team-tourn"]
[EventCountry "SLO"]
[SourceTitle "playchess.com"]
[Source "ChessBase"]
[SourceQuality "1"]
[WhiteTeam "Lithuania"]
[BlackTeam "Slovenia"]
[WhiteTeamCountry "LTU"]
[BlackTeamCountry "SLO"]
[TimeControl "40/5400+30:1800+30"]

1. e4 c5 2. Nf3 Nc6 3. d4 cxd4 4. Nxd4 Nf6 5. Nc3 e5 6. Ndb5 d6 7. Nd5 Nxd5 8.
exd5 Ne7 9. c4 Ng6 10. Qa4 Bd7 11. Qb4 Qb8 12. h4 h5 13. Bd3 a6 14. Nc3 Be7 15.
Bg5 Nf4 16. Bxf4 exf4 17. Ne2 f3 18. gxf3 b5 19. cxb5 axb5 20. Nc3 O-O 21. Kf1
Bf6 22. Ne4 Be5 23. f4 Ra4 24. Qd2 f5 25. fxe5 fxe4 26. Bc2 Qb6 27. Rh2 e3 28.
Qe1 Raf4 29. e6 Be8 30. Rc1 Rxf2+ 31. Rxf2 Rxf2+ 32. Kg1 Qd4 33. Bd1 Qf4 0-1

[Event "23rd ETCC Open 2021"]
[Site "Catez"]
[Date "2021.11.19"]
[Round "7.52"]
[White "Sebenik, Matej"]
[Black "Brazdzionis, Andrius"]
[Result "1/2-1/2"]
[ECO "D02"]
[WhiteElo "2509"]
[BlackElo "2356"]
[Annotator "ChessBase"]
[PlyCount "83"]
[EventDate "2021.11.08"]
[EventType "team-tourn"]
[EventCountry "SLO"]
[SourceTitle "playchess.com"]
[Source "ChessBase"]
[SourceQuality "1"]
[WhiteTeam "Slovenia"]
[BlackTeam "Lithuania"]
[WhiteTeamCountry "SLO"]
[BlackTeamCountry "LTU"]
[TimeControl "40/5400+30:1800+30"]

1. d4 Nf6 2. Nf3 d5 3. c3 e6 4. Bf4 Bd6 5. e3 O-O 6. Nbd2 b6 7. Bg5 h6 8. Bh4
Nbd7 9. Bb5 Bb7 10. O-O c6 11. Bd3 c5 12. a4 Qc7 13. Qb1 Ng4 14. Bg3 Bxg3 15.
hxg3 e5 16. Bf5 Ndf6 17. dxe5 Nxe5 18. a5 Nc6 19. b4 bxa5 20. bxc5 Ba6 21. Rc1
Ne7 22. Bc2 Qxc5 23. Qa2 Nc6 24. Nd4 Bc8 25. Qa3 Qxa3 26. Rxa3 Bd7 27. N2b3
Rfc8 28. Nc5 Ne5 29. Nxd7 Nexd7 30. Rxa5 Rc5 31. Rca1 Rxc3 32. Rxa7 Rxa7 33.
Rxa7 g6 34. Kf1 Ne5 35. Ke2 Rc8 36. Ra6 Ne4 37. Bxe4 dxe4 38. f3 Rc3 39. Ra8+
Kg7 40. Re8 exf3+ 41. gxf3 Nc6 42. Nxc6 1/2-1/2

[Event "23rd ETCC Open 2021"]
[Site "Catez"]
[Date "2021.11.19"]
[Round "7.54"]
[White "Valsecchi, Alessio"]
[Black "Druska, Juraj"]
[Result "1/2-1/2"]
[ECO "D36"]
[WhiteElo "2527"]
[BlackElo "2508"]
[Annotator "ChessBase"]
[PlyCount "155"]
[EventDate "2021.11.08"]
[EventType "team-tourn"]
[EventCountry "SLO"]
[SourceTitle "playchess.com"]
[Source "ChessBase"]
[SourceQuality "1"]
[WhiteTeam "Italy"]
[BlackTeam "Slovakia"]
[WhiteTeamCountry "ITA"]
[BlackTeamCountry "SVK"]
[TimeControl "40/5400+30:1800+30"]

1. d4 d5 2. c4 e6 3. Nc3 Nf6 4. cxd5 exd5 5. Bg5 Be7 6. Qc2 h6 7. Bh4 O-O 8. e3
Re8 9. Bd3 c6 10. Nge2 Nh5 11. Bxe7 Qxe7 12. h3 Nd7 13. O-O-O b5 14. Kb1 Nb6
15. g4 Nf6 16. Ng3 a5 17. Rde1 Be6 18. f4 b4 19. Nce2 b3 20. Qxb3 Nc4 21. Qc3
Reb8 22. Bxc4 dxc4 23. e4 a4 24. f5 Bc8 25. Nc1 a3 26. b3 Ra4 27. Ka1 Rab4 28.
Rhg1 Ba6 29. Nh5 c5 30. dxc5 cxb3 31. axb3 Bc4 32. Nxf6+ gxf6 33. e5 Qxc5 34.
exf6 Rxb3 35. Nxb3 Rxb3 36. Qd2 Be2 37. Rxe2 Qxg1+ 38. Re1 Rd3 39. Rxg1 Rxd2
40. h4 Rd6 41. g5 hxg5 42. hxg5 Rd5 43. Rf1 a2 44. Kxa2 Rd2+ 45. Kb3 Rg2 46.
Kc4 Rxg5 47. Kd5 Rg2 48. Ke5 Re2+ 49. Kf4 Rg2 50. Re1 Rf2+ 51. Ke5 Ra2 52. Rg1+
Kf8 53. Rc1 Ra8 54. Rc7 Rd8 55. Ra7 Kg8 56. Ra1 Kf8 57. Rh1 Kg8 58. Rh4 Ra8 59.
Rc4 Ra5+ 60. Ke4 Ra6 61. Rc8+ Kh7 62. Ke5 Ra5+ 63. Kf4 Ra4+ 64. Kg5 Ra1 65. Rf8
Ra4 66. Rxf7+ Kg8 67. Rb7 Kf8 68. f7 Ra6 69. Rc7 Rb6 70. Ra7 Rc6 71. Kf4 Rb6
72. Rc7 Rb4+ 73. Kg5 Rb6 74. Ra7 Rc6 75. Ra5 Kxf7 76. f6 Rc1 77. Ra7+ Kf8 78.
Ra8+ 1/2-1/2

[Event "23rd ETCC Open 2021"]
[Site "Catez"]
[Date "2021.11.19"]
[Round "7.55"]
[White "Mazur, Stefan"]
[Black "Sonis, Francesco"]
[Result "0-1"]
[ECO "B90"]
[WhiteElo "2433"]
[BlackElo "2536"]
[Annotator "ChessBase"]
[PlyCount "118"]
[EventDate "2021.11.08"]
[EventType "team-tourn"]
[EventCountry "SLO"]
[SourceTitle "playchess.com"]
[Source "ChessBase"]
[SourceQuality "1"]
[WhiteTeam "Slovakia"]
[BlackTeam "Italy"]
[WhiteTeamCountry "SVK"]
[BlackTeamCountry "ITA"]
[TimeControl "40/5400+30:1800+30"]

1. e4 c5 2. Nf3 d6 3. d4 cxd4 4. Nxd4 Nf6 5. Nc3 a6 6. h3 e5 7. Nb3 h5 8. Bg5
Be7 9. Qd3 Nbd7 10. a4 b6 11. Be2 Bb7 12. Bf3 Rc8 13. O-O O-O 14. Rfd1 Re8 15.
Qe2 g6 16. Rd3 Qc7 17. Rad1 Qc4 18. Qe3 Qb4 19. Qd2 Rc4 20. Re3 Bf8 21. Be2
Rcc8 22. Rg3 Rc7 23. Bd3 Rxc3 24. bxc3 Qxa4 25. Ra1 Qc6 26. Bxf6 Nxf6 27. Qe2
Ra8 28. Nd2 Qxc3 29. Rb1 Qc7 30. Bc4 Kg7 31. Rgb3 b5 32. Bd3 d5 33. Re1 d4 34.
Ra1 Nd7 35. Rbb1 Nc5 36. Nb3 Na4 37. Rf1 Nc3 38. Qe1 Bb4 39. Nd2 Rd8 40. Qc1 a5
41. h4 Be7 42. g3 a4 43. Qe1 Bd6 44. f3 Qd7 45. Qf2 Bc7 46. Kh2 f5 47. Nb1 Ba5
48. Nxc3 Bxc3 49. Rab1 b4 50. exf5 gxf5 51. Qe2 Qe6 52. Rfe1 Bxe1 53. Qxe1 b3
54. cxb3 axb3 55. Qc1 Rd7 56. Bc4 Qh6 57. Qd1 Qe3 58. Rxb3 Qf2+ 59. Kh3 f4 0-1

[Event "23rd ETCC Open 2021"]
[Site "Catez"]
[Date "2021.11.19"]
[Round "7.56"]
[White "Lodici, Lorenzo"]
[Black "Sahidi, Samir"]
[Result "1-0"]
[ECO "E49"]
[WhiteElo "2529"]
[BlackElo "2432"]
[Annotator "ChessBase"]
[PlyCount "53"]
[EventDate "2021.11.08"]
[EventType "team-tourn"]
[EventCountry "SLO"]
[SourceTitle "playchess.com"]
[Source "ChessBase"]
[SourceQuality "1"]
[WhiteTeam "Italy"]
[BlackTeam "Slovakia"]
[WhiteTeamCountry "ITA"]
[BlackTeamCountry "SVK"]
[TimeControl "40/5400+30:1800+30"]

1. d4 Nf6 2. c4 e6 3. Nc3 Bb4 4. f3 d5 5. a3 Bxc3+ 6. bxc3 O-O 7. cxd5 exd5 8.
e3 b6 9. Bd3 c5 10. Ne2 Nc6 11. O-O Re8 12. Ra2 Qd6 13. g4 Be6 14. Qe1 h6 15.
Ng3 Rac8 16. Rg2 Rc7 17. Kh1 Na5 18. Nf5 Bxf5 19. gxf5 cxd4 20. Qh4 Kf8 21.
exd4 Rxc3 22. Bf4 Qd8 23. Bb5 Nc6 24. Rxg7 h5 25. Bh6 Qd6 26. Rg6+ Ke7 27. Rxf6
1-0

[Event "23rd ETCC Open 2021"]
[Site "Catez"]
[Date "2021.11.19"]
[Round "7.57"]
[White "Bogner, Sebastian"]
[Black "Djukic, Nikola"]
[Result "1-0"]
[ECO "E62"]
[WhiteElo "2574"]
[BlackElo "2519"]
[Annotator "ChessBase"]
[PlyCount "69"]
[EventDate "2021.11.08"]
[EventType "team-tourn"]
[EventCountry "SLO"]
[SourceTitle "playchess.com"]
[Source "ChessBase"]
[SourceQuality "1"]
[WhiteTeam "Switzerland"]
[BlackTeam "Montenegro"]
[WhiteTeamCountry "SUI"]
[BlackTeamCountry "MNE"]
[TimeControl "40/5400+30:1800+30"]

1. d4 Nf6 2. c4 g6 3. g3 Bg7 4. Bg2 O-O 5. Nc3 d6 6. Nf3 Nc6 7. d5 Na5 8. b3 c5
9. Bb2 a6 10. Nd2 Rb8 11. O-O b5 12. Qc1 e5 13. dxe6 fxe6 14. Rb1 bxc4 15. bxc4
Bb7 16. Bxb7 Rxb7 17. Ba1 Rxb1 18. Qxb1 d5 19. Qd3 Nc6 20. cxd5 exd5 21. Qxa6
Nb4 22. Qb5 Qd6 23. Rd1 Rb8 24. Qa4 Qe6 25. a3 d4 26. axb4 dxc3 27. Bxc3 Qxe2
28. Rf1 cxb4 29. Bxb4 Ng4 30. Bd6 Rb2 31. Qa8+ Kf7 32. Nf3 h6 33. Bc5 Qc4 34.
Re1 Re2 35. Qb7+ 1-0

[Event "23rd ETCC Open 2021"]
[Site "Catez"]
[Date "2021.11.19"]
[Round "7.58"]
[White "Draskovic, Luka"]
[Black "Georgiadis, Nico"]
[Result "0-1"]
[ECO "A13"]
[WhiteElo "2469"]
[BlackElo "2553"]
[Annotator "ChessBase"]
[PlyCount "68"]
[EventDate "2021.11.08"]
[EventType "team-tourn"]
[EventCountry "SLO"]
[SourceTitle "playchess.com"]
[Source "ChessBase"]
[SourceQuality "1"]
[WhiteTeam "Montenegro"]
[BlackTeam "Switzerland"]
[WhiteTeamCountry "MNE"]
[BlackTeamCountry "SUI"]
[TimeControl "40/5400+30:1800+30"]

1. Nf3 d5 2. c4 e6 3. g3 dxc4 4. Qa4+ Bd7 5. Qxc4 c5 6. Bg2 Bc6 7. O-O Nf6 8.
b3 Nbd7 9. Bb2 Rc8 10. d3 b5 11. Qc2 Bd6 12. Nbd2 O-O 13. e4 e5 14. Nh4 g6 15.
Bh3 Nh5 16. Ng2 Qc7 17. Rae1 Rce8 18. Bg4 Ng7 19. f4 exf4 20. gxf4 f5 21. exf5
Rxe1 22. Rxe1 Bxf4 23. Nf3 Nf6 24. Ne5 Bxh2+ 25. Kxh2 Nxg4+ 26. Kg1 Nxe5 27.
Bxe5 Qd7 28. fxg6 Nf5 29. g7 Rf7 30. Rf1 Qd5 31. Bb2 Qxg2+ 32. Qxg2 Bxg2 33.
Rc1 Bb7 34. Rxc5 a6 0-1